 Dungeon Crawl Stone Soup version 0.18.1-48-g4cf74bf (webtiles) character file.

85 Gargoyl the Skirmisher (level 4, 37/37 HPs)
             Began as a Demonspawn Abyssal Knight on Aug 20, 2016.
             Was a Believer of Lugonu.
             Quit the game on level 2 of the Dungeon.
             The game lasted 00:05:14 (1833 turns).

Gargoyl the Skirmisher (Demonspawn Abyssal Knight)  Turns: 1833, Time: 00:05:15

Health: 37/37      AC:  8    Str: 13    XL:     4   Next: 25%
Magic:  5/5        EV:  1    Int: 14    God:    Lugonu [**....]
Gold:   80         SH: 11    Dex: 12    Spells: 0 memorised, 3 levels left

rFire  . . .     SeeInvis +     a - +1 hand axe
rCold  . . .     Gourm    .     e - +0 chain mail
rNeg   . . .     Faith    .     j - +0 large shield
rPois  .         Spirit   +     (helmet restricted)
rElec  .         Dismiss  .     (no cloak)
rCorr  .         Reflect  .     (no gloves)
SustAt .         Harm     .     (no boots)
MR     .....                    (no amulet)
Stlth  ..........               (no ring)
                                r - ring of see invisible

@: not resistant to hostile enchantments, extremely unstealthy
A: horns 1, magic shield
a: Depart the Abyss, Bend Space, Renounce Religion


You were on level 2 of the Dungeon.
You worshipped Lugonu.
Lugonu was pleased with you.
You were not hungry.

You visited 1 branch of the dungeon, and saw 2 of its levels.
You visited the Abyss 1 time.

You collected 80 gold pieces.

Inventory:

Hand Weapons
 a - a +1 hand axe (weapon)
Armour
 b - a +0 helmet
 e - a +0 chain mail (worn)
 j - a +0 large shield (worn)
Jewellery
 r - a ring of see invisible (left hand)
Scrolls
 d - a scroll of enchant armour {unknown}
 g - 4 scrolls of identify {unknown}
 h - a scroll of fog {unknown}
 i - a scroll of enchant weapon {unknown}
 k - a scroll of amnesia {unknown}
 l - 2 scrolls of remove curse {unknown}
 m - a scroll of noise {unknown}
 o - a scroll of random uselessness {unknown}
Potions
 n - 2 potions of lignification {unknown}
 q - a potion of might {unknown}
Comestibles
 c - 2 bread rations
 f - a meat ration
 p - a chunk of flesh


   Skills:
 + Level 3.7 Fighting
 + Level 2.1 Axes
 * Level 2.5 Armour
 + Level 1.1 Dodging
 + Level 1.4 Shields
 + Level 2.5 Invocations


You had 3 spell levels left.
You didn't know any spells.

Dungeon Overview and Level Annotations

Branches:
Dungeon (2/15)

Altars:
Pakellas


Innate Abilities, Weirdness & Mutations

You have a pair of small horns on your head.
When hurt, damage is shared between your health and your magic reserves.


Message History

The ooze hits you but does no damage.
Your shield and chain mail prevent you from hitting the ooze.
The ooze hits you but does no damage. x2
Your chain mail prevents you from hitting the ooze.
The ooze hits you but does no damage.
You hit the ooze.
The ooze is moderately wounded.
The ooze hits you but does no damage.
You slash the ooze!
You headbutt the ooze, but do no damage.
The ooze is almost dead.
You block the ooze's attack. The ooze hits you but does no damage.
You hit the ooze.
You kill the ooze!
Lugonu accepts your kill.
Found an oddly glowing altar of Pakellas.
q - a purple potion
r - a twisted ruby ring
r - a ring of see invisible (left hand) Are you sure you want to abandon this character and quit the game? (Confirm with "yes".)

# ##############
##..............#
##..# #..........#
#. #...#.........##
#.###_###..........
#..#...#.........##
#...###..........#
#................#
##@..............#
#################


There were no monsters in sight!

Vanquished Creatures
  2 adders (D:2)
  An ooze (D:2)
  3 dart slugs
  3 ball pythons
  7 bats
  A giant cockroach (D:1)
  7 goblins
  8 hobgoblins
  7 jackals
  3 kobolds
  A quokka (D:2)
  2 giant newts
  9 rats
54 creatures vanquished.

Notes
Turn   | Place    | Note
--------------------------------------------------------------
     0 | Abyss:1  | Gargoyl the Demonspawn Abyssal Knight began the quest for the Orb.
     0 | Abyss:1  | Reached XP level 1. HP: 18/18 MP: 2/2
   148 | Abyss:2  | Noticed a bone dragon
   164 | D:1      | Escaped the Abyss
   280 | D:1      | Gained mutation: When hurt, damage is shared between your health and your magic reserves. [demonic ancestry]
   280 | D:1      | Reached XP level 2. HP: 6/24 MP: 3/3
   290 | D:1      | Reached skill level 1 in Dodging
   293 | D:1      | Reached * piety under Lugonu
   907 | D:1      | Reached XP level 3. HP: 29/29 MP: 4/4
  1117 | D:2      | Reached skill level 1 in Shields
  1159 | D:2      | Reached ** piety under Lugonu
  1513 | D:2      | Gained mutation: You have a pair of small horns on your head. [demonic ancestry]
  1513 | D:2      | Reached XP level 4. HP: 34/37 MP: 5/5
  1823 | D:2      | Found an oddly glowing altar of Pakellas.
  1833 | D:2      | Quit the game

Skill      XL: |  1  2  3 |
---------------+----------+-----
Axes           | 2 |  2.1
Armour         | 2 |  2.5
Dodging        | 1 |  1.1
Shields        | 1 |  1.4
Fighting       | |  3.7
Invocations    | |  2.5

Action                   |  1- 3 |  4- 6 || total
-------------------------+-------+-------++-------
Melee: Hand axe          |   174 |    35 ||   209
       Headbutt          |       |     7 ||     7
Invok: Depart the Abyss  |     1 |       ||     1
  Use: Potion            |     2 |       ||     2
  Eat: Chunk             |     2 |     2 ||     4
Armor: Chain mail        |   167 |    26 ||   193
Dodge: Dodged            |     8 |     2 ||    10
Block: Large shield      |   117 |    22 ||   139
